 Dungeon Crawl Stone Soup version 0.22-a0-49-g614aadd (webtiles) character file.

211 galech the Ruffian (level 5, -6/52 HPs)
             Began as a Troll Monk on Jan 8, 2018.
             Mangled by a goblin
             ... wielding a +0 dagger
             ... led by Robin
              (9 damage)
             ... on level 3 of the Dungeon.
             The game lasted 00:02:30 (1756 turns).

galech the Ruffian (Troll Monk)                     Turns: 1756, Time: 00:02:30

Health: -6/52      AC:  5    Str: 20    XL:     5   Next: 57%
Magic:  4/4        EV: 11    Int:  6    God:
Gold:   83         SH:  0    Dex: 12    Spells: 4/4 levels left

rFire    . . .     SeeInvis .     - Unarmed
rCold    . . .     Gourm    +   (no shield)
rNeg     . . .     Faith    .   a - +0 robe
rPois    .         Spirit   .   (helmet restricted)
rElec    .         Reflect  .   (no cloak)
rCorr    .         Harm     .   (gloves unavailable)
MR       .....                  (boots unavailable)
Stlth    ++........             (no amulet)
HPRegen  0.57/turn              (no ring)
MPRegen  0.09/turn              (no ring)

@: no status effects
A: large, unfitting armour, claws 3, fast metabolism 3, gourmand, regeneration
1, shaggy fur 1, tough skin 2
a: no special abilities


You were on level 3 of the Dungeon.
You were completely stuffed.

You visited 1 branch of the dungeon, and saw 3 of its levels.

You collected 83 gold pieces.

Inventory:

Armour
 a - a +0 robe (worn)
Scrolls
 c - 2 scrolls of remove curse {unknown}
 e - 2 scrolls of identify {unknown}
Potions
 d - 4 potions of heal wounds {unknown}
 f - 2 potions of flight {unknown}
 h - a potion of berserk rage {unknown}
 i - a potion of curing {unknown}
Comestibles
 b - 7 rations
 g - 4 chunks of flesh


   Skills:
 + Level 2.8 Fighting
 + Level 3.4 Dodging
 + Level 1.4 Stealth
 + Level 5.0 Unarmed Combat


You had 4 spell levels left.
You didn't know any spells.

Dungeon Overview and Level Annotations

Branches:
Dungeon (3/15)

Altars:
Elyvilon
Qazlal
Ru
Wu Jian
Yredelemnul

Annotations:
D:3 Grinder; Robin; galech's ghost, amateur TrMo


Innate Abilities, Weirdness & Mutations

You are too large for most types of armour.
You have claws for hands.
Your metabolism is lightning-fast.
You like to eat raw meat.
Your natural rate of healing is unusually fast.
You are covered in fur. (AC +1)
You have very tough skin. (AC +2)


Message History

Galech's ghost hits you.
* * * LOW HITPOINT WARNING * * *
Robin throws the goblin at you! The goblin barely misses you.
The goblin hits you.
* * * LOW HITPOINT WARNING * * *
The goblin hits you with a dagger.
* * * LOW HITPOINT WARNING * * *
Galech's ghost barely misses you.
You see here a club.
The goblin closely misses you.
The goblin no longer looks unusually strong.
The hobgoblin misses you. Robin throws the goblin at you!
The goblin hits you but does no damage. x2
You barely miss the goblin. The goblin hits you but does no damage.
The hobgoblin hits you with a club.
* * * LOW HITPOINT WARNING * * *
The goblin barely misses you. The goblin completely misses you.
The goblin no longer looks unusually strong.
The goblin hits you with a dagger!
You die...

#....##############
#....#.......
#..).#.......
#....'.......
#.[..#.######
#....#.# ##....#.#
#.....#.# ##g@..#.#
#gggg#.# #.g.o#.#
#gW..# #.g..#
#....# #..(.#
#...... #........


You could see Robin, galech's ghost, an orc, 2 hobgoblins and 5 goblins.

Vanquished Creatures
  Natasha (thrice) (D:2)
  7 adders
  An ooze (D:1)
  2 worms (D:2)
  A dart slug (D:1)
  3 leopard geckos
  2 giant cockroaches (D:2)
  11 goblins
  8 hobgoblins
  4 kobolds
  2 quokkas
  5 bats
  6 frilled lizards
  6 rats
61 creatures vanquished.

Notes
Turn   | Place    | Note
-------+----------+-------------------------------------------
     0 | D:1      | galech the Troll Monk began the quest for the Orb.
     0 | D:1      | Reached XP level 1. HP: 22/22 MP: 0/0
    58 | D:1      | Reached XP level 2. HP: 29/29 MP: 1/1
   737 | D:2      | Reached XP level 3. HP: 36/36 MP: 2/2
   878 | D:2      | Reached XP level 4. HP: 18/44 MP: 3/3
   966 | D:2      | Reached skill level 4 in Unarmed Combat
  1056 | D:2      | Found a sacrificial altar of Ru.
  1056 | D:2      | Found an ornate altar of the Wu Jian Council.
  1061 | D:2      | Found a basalt altar of Yredelemnul.
  1063 | D:2      | Found a white marble altar of Elyvilon.
  1065 | D:2      | Found a stormy altar of Qazlal.
  1279 | D:2      | Noticed Natasha
  1283 | D:2      | Killed Natasha
  1442 | D:2      | Noticed Natasha
  1452 | D:2      | Killed Natasha
  1452 | D:2      | Reached XP level 5. HP: 34/50 MP: 4/4
  1467 | D:2      | Noticed Natasha
  1471 | D:2      | Killed Natasha
  1688 | D:3      | Noticed Grinder
  1736 | D:3      | Noticed galech's ghost (amateur TrMo)
  1738 | D:3      | Noticed Robin
  1739 | D:3      | Reached skill level 5 in Unarmed Combat
  1756 | D:3      | Mangled by a goblin

Vault maps used:
D:1:      dpeg_arrival_shrine
D:2:      chequers_temple_overflow_minitemple, uniq_natasha
D:3:      lightli_temple_of_fire, uniq_robin, uniq_grinder,
          uniq_crazy_yiuf_cottage

Skill      XL: |  1  2  3  4  5 |
---------------+----------------+-----
Dodging        | 3 |  3.4
Unarmed Combat | 4 5 |  5.0
Fighting       | |  2.8
Stealth        | |  1.4

Action                   |  1- 3 |  4- 6 || total
-------------------------+-------+-------++-------
Melee: Unarmed           |    95 |    93 ||   188
       Punch             |     3 |       ||     3
 Stab: Sleeping          |     1 |     1 ||     2
  Eat: Chunk             |    12 |    10 ||    22
Armor: Robe              |    41 |    26 ||    67
Dodge: Dodged            |    50 |    51 ||   101

Table legend:
 A = Spawn XP
 B = Non-spawn XP
 C = Spawn XP percentage of total XP
 D = Spawn monster count
 E = Non-spawn monster count
 F = Spawn count percentage of total count
 G = Total turns spent on level
                    A         B        C        D         E        F      G
               +---------+---------+-------+---------+---------+-------+---------
         Total |       0 |     302 |   0.0 |       0 |      61 |   0.0 |  1756
               +---------+---------+-------+---------+---------+-------+---------
           D:1 |       0 |      39 |   0.0 |       0 |      17 |   0.0 |   731
           D:2 |       0 |     228 |   0.0 |       0 |      31 |   0.0 |   897
           D:3 |       0 |      35 |   0.0 |       0 |      13 |   0.0 |   128
               +---------+---------+-------+---------+---------+-------+---------
